[Event "Team 45 45 League T48"]
[Site "Internet Chess Club"]
[Date "2011.03.12"]
[Round "5"]
[White "frank001"]
[Black "DreamCatcher13"]
[Result "0-1"]
[WhiteElo "1631"]
[BlackElo "1951"]
[Opening "Queen's pawn: stonewall attack"]
[ECO "D00"]
[Time "22:08:29"]
[TimeControl "2700+45"]

1. d4 d5 2. e3 Nf6 3. Bd3 e6 4. Nd2 c5 5. c3 Be7 6. f4 Nc6 7. Ngf3 O-O 8. O-O b6
9. Ne5 Bb7 10. Qf3 a6 11. g4 Nd7 12. g5 Ndxe5 13. dxe5 Bxg5 14. Qh5 Bh6 15. Rf3
f6 16. Rg3 Kh8 17. exf6 Qxf6 18. Nf3 Ne7 19. Ne5 Nf5 20. Rg4 Rad8 21. Bd2 d4 22.
cxd4 cxd4 23. Bb4 Nxe3 24. Rh4 Ng2 25. Rg4 Nxf4 26. Rxf4 Qxf4 27. Bxf8 Qe3+
{White resigns} 0-1

[Event "Team 45 45 League T48"]
[Site "Internet Chess Club"]
[Date "2011.03.12"]
[Round "5"]
[White "bshribharath"]
[Black "jjmolina"]
[Result "1/2-1/2"]
[WhiteElo "1724"]
[BlackElo "1733"]
[Opening "Queen's pawn: Torre attack"]
[ECO "A46"]
[Time "10:00:40"]
[TimeControl "2700+45"]

1. d4 Nf6 2. Nf3 e6 3. Bg5 c5 4. e3 Qb6 5. Qc1 Ne4 6. Bf4 d5 7. Be2 Nc6 8. c3
Bd7 9. Nbd2 Nf6 10. h3 Rc8 11. Nb3 Ne4 12. O-O Be7 13. Nfd2 c4 14. Nxe4 cxb3 15.
Nd6+ Bxd6 16. Bxd6 Nxd4 17. exd4 Qxd6 18. axb3 a6 19. Qg5 O-O 20. Bd3 h6 21. Qh4
Qb6 22. Bc2 Qc7 23. Rae1 Bb5 24. Re3 Bxf1 25. Rg3 Kh8 26. Kxf1 Qd8 27. Qh5 Qa5
28. Ke2 Qa1 29. Rxg7 Kxg7 30. Qg4+ Kf6 31. Qh4+ Kg7 32. Qg4+ Kh8 33. Qf4 Kg7 34.
Qg4+ Kf6 35. Qh4+ Kg7 36. Qg4+ {Game drawn by repetition} 1/2-1/2

[Event "Team 45 45 League T48"]
[Site "Internet Chess Club"]
[Date "2011.03.13"]
[Round "5"]
[White "acejackace"]
[Black "Ivio"]
[Result "0-1"]
[WhiteElo "1465"]
[BlackElo "1809"]
[Opening "Réti: King's Indian attack (Barcza system)"]
[ECO "A07"]
[Time "15:02:37"]
[TimeControl "2700+45"]

1. Nf3 d5 2. g3 Bf5 3. Bg2 Nf6 4. d3 e6 5. Nh4 Bg4 6. h3 Bh5 7. g4 Bg6 8. Nxg6
hxg6 9. c3 c6 10. Qb3 Qb6 11. Be3 Qxb3 12. axb3 a6 13. c4 Bb4+ 14. Nc3 Nbd7 15.
O-O Nc5 16. Bxc5 Bxc5 17. Na4 Bd6 18. c5 Bc7 19. e4 O-O 20. f4 dxe4 21. dxe4 e5
22. f5 gxf5 23. exf5 Rad8 24. Rad1 e4 25. g5 e3 26. Rxd8 Rxd8 27. gxf6 e2 28.
Re1 Rd1 29. Kf2 Bg3+ 30. Kxg3 Rxe1 31. Nc3 Rd1 32. Nxe2 Rd3+ 33. Kf2 Rxb3 34.
fxg7 Kxg7 35. Bf1 Rxb2 36. Ke3 Rb4 37. Nd4 Rb1 38. Be2 Rc1 39. Nb3 Rc3+ {White
resigns} 0-1

[Event "Team 45 45 League T48"]
[Site "Internet Chess Club"]
[Date "2011.03.12"]
[Round "5"]
[White "PandorasBox"]
[Black "CamLeslie"]
[Result "0-1"]
[WhiteElo "1901"]
[BlackElo "1952"]
[Opening "English: symmetrical, Botvinnik system reversed"]
[ECO "A37"]
[Time "17:03:29"]
[TimeControl "2700+45"]

1. c4 c5 2. g3 g6 3. Bg2 Bg7 4. Nc3 Nc6 5. Nf3 e5 6. d3 Nge7 7. O-O O-O 8. e4 d6
9. Bg5 f6 10. Be3 Be6 11. Nd5 Qd7 12. Qd2 Bg4 13. a3 Bxf3 14. Bxf3 Nxd5 15. cxd5
Nd4 16. Bxd4 cxd4 17. Qe2 Bh6 18. Bg4 f5 19. exf5 gxf5 20. Bh3 Qf7 21. f4 exf4
22. gxf4 Rae8 23. Qf2 Re3 24. Bg2 Rfe8 25. Kh1 Qf6 26. Rad1 Kh8 27. Rfe1 Bxf4
28. Rxe3 Bxe3 29. Qf3 Rg8 30. Re1 Qg5 31. Re2 h5 32. h3 Rc8 33. Re1 Rc2 34. Rf1
Rxb2 35. a4 b6 {White resigns} 0-1

[Event "Team 45 45 League T48"]
[Site "Internet Chess Club"]
[Date "2011.03.13"]
[Round "5"]
[White "GeorgeCostanza"]
[Black "vvsi"]
[Result "1-0"]
[WhiteElo "1818"]
[BlackElo "1548"]
[Opening "Kevitz-Trajkovich defense"]
[ECO "A50"]
[Time "23:00:27"]
[TimeControl "2700+45"]

1. d4 Nf6 2. c4 Nc6 3. Nf3 e6 4. g3 Bb4+ 5. Bd2 Qe7 6. Bg2 Bxd2+ 7. Nbxd2 d6 8.
O-O a5 9. e3 e5 10. Re1 Bg4 11. Qb3 Rb8 12. h3 Bd7 13. a3 a4 14. Qc2 O-O 15. d5
Na5 16. Kh2 b6 17. Nh4 Rfe8 18. Nf5 Qf8 19. g4 g6 20. Ng3 Qh6 21. f3 Nb7 22.
Nde4 Nxe4 23. Nxe4 g5 24. Ng3 Nc5 25. Bf1 e4 26. Nh5 f5 27. Bg2 fxg4 28. fxg4
Qg6 29. Qc3 Rf8 30. Rf1 Rxf1 31. Rxf1 Rf8 32. Nf6+ Rxf6 33. Qxf6 Qxf6 34. Rxf6
Nd3 35. Bxe4 Nxb2 36. Rf2 Nxc4 37. Bxh7+ Kg7 38. Bf5 Be8 39. Kg3 b5 40. Ra2 c5
41. h4 Bf7 42. e4 Be8 43. hxg5 b4 44. axb4 cxb4 45. Rh2 a3 46. Rh7+ Kf8 47. Ra7
b3 48. g6 Bxg6 49. Bxg6 b2 50. e5 dxe5 51. Bd3 Ke8 52. g5 Kf8 53. Kh4 Nd2 54.
Kg4 e4 55. Bc2 e3 56. Rxa3 e2 57. Re3 b1=Q 58. Bxb1 Nxb1 59. Rxe2 Nc3 60. Rd2
Ne4 61. Rd4 Nd6 62. Kf4 Ke7 63. Ra4 Ne8 64. Re4+ {Black resigns} 1-0

[Event "Team 45 45 League T48"]
[Site "Internet Chess Club"]
[Date "2011.03.12"]
[Round "5"]
[White "L0-VE"]
[Black "rahulr"]
[Result "1-0"]
[WhiteElo "1836"]
[BlackElo "1609"]
[Opening "Alekhine's defense"]
[ECO "B03"]
[Time "20:00:26"]
[TimeControl "2700+45"]

1. e4 Nf6 2. e5 Nd5 3. d4 d6 4. c4 Nb6 5. Nf3 Nc6 6. e6 fxe6 7. h4 g6 8. h5 gxh5
9. Ng5 Kd7 10. Nf7 Qe8 11. Nxh8 Bg7 12. Rxh5 Qxh8 13. d5 exd5 14. cxd5 Nb4 15.
Qa4+ Nc6 16. dxc6+ bxc6 17. Qg4+ Kd8 18. Qf3 Bxb2 19. Bxb2 Qxb2 20. Be2 Qxa1 21.
Qf8+ Kd7 22. Bg4+ e6 23. Rxh7+ Qg7 24. Rxg7# {Black checkmated} 1-0

[Event "Team 45 45 League T48"]
[Site "Internet Chess Club"]
[Date "2011.03.16"]
[Round "5"]
[White "Caminator"]
[Black "hewdondada"]
[Result "1-0"]
[WhiteElo "1862"]
[BlackElo "1802"]
[Opening "Scandinavian defense"]
[ECO "B01"]
[Time "21:08:55"]
[TimeControl "2700+45"]

1. e4 d5 2. exd5 Qxd5 3. Nc3 Qa5 4. d4 Nf6 5. Nf3 Bf5 6. Bd3 Bxd3 7. Qxd3 e6 8.
Bf4 Be7 9. Qb5+ Qxb5 10. Nxb5 Nd5 11. Nxc7+ Nxc7 12. Bxc7 Nd7 13. O-O-O O-O 14.
Rhe1 Rfc8 15. Bf4 Bf6 16. Bg5 h6 17. Bxf6 Nxf6 18. Ne5 b5 19. Kb1 a5 20. Nd3 b4
21. h4 Nd5 22. Re4 a4 23. Nf4 Nf6 24. Re2 Ra5 25. f3 g5 26. hxg5 hxg5 27. Re5
Rxe5 28. dxe5 gxf4 29. exf6 Kh7 30. Rd4 Rb8 31. Rxf4 Kg6 32. Kc1 e5 33. Re4 Kxf6
34. a3 bxa3 35. bxa3 Ra8 36. g4 Ke6 37. Kd2 f5 38. gxf5+ Kxf5 39. Rb4 Rd8+ 40.
Ke3 Ra8 41. c4 Ra5 42. Rb5 Ra7 43. f4 Re7 44. Rxe5+ Rxe5+ 45. fxe5 Kxe5 46. Kd3
Kd6 47. Kd4 Kc6 48. c5 Kc7 49. Kc4 Kc6 50. Kb4 Kd5 51. Kb5 Kd4 52. c6 Kc3 53.
Kxa4 {Black resigns} 1-0

[Event "Team 45 45 League T48"]
[Site "Internet Chess Club"]
[Date "2011.03.11"]
[Round "5"]
[White "Fatman"]
[Black "avila"]
[Result "1/2-1/2"]
[WhiteElo "1747"]
[BlackElo "1860"]
[Opening "French: advance, Paulsen attack"]
[ECO "C02"]
[Time "11:36:00"]
[TimeControl "2700+45"]

1. e4 e6 2. d4 d5 3. e5 c5 4. c3 Nc6 5. Nf3 Qb6 6. Be2 cxd4 7. cxd4 Nge7 8. Na3
Nf5 9. Nc2 Be7 10. O-O O-O 11. Qd3 Nb4 12. Nxb4 Bxb4 13. a3 Be7 14. b4 Bd7 15.
g4 Nh4 16. Nxh4 Bxh4 17. g5 f6 18. exf6 gxf6 19. g6 f5 20. gxh7+ Kh8 21. Bf4 Bf6
22. Be5 Bxe5 23. dxe5 Rf7 24. Rac1 Rxh7 25. Rc5 Qd8 26. Kh1 f4 27. Rg1 Qh4 28.
Rg2 Rg8 29. Qf3 Rxg2 30. Qxg2 Rg7 31. Qf3 Rh7 32. Qg2 Rg7 33. Qf3 Rh7 34. Qg2
Rg7 {Game drawn by repetition} 1/2-1/2

[Event "Team 45 45 League T48"]
[Site "Internet Chess Club"]
[Date "2011.03.11"]
[Round "5"]
[White "soccerisfun"]
[Black "RamRock"]
[Result "1/2-1/2"]
[WhiteElo "1820"]
[BlackElo "1914"]
[Opening "Caro-Kann: classical, 7...Nd7"]
[ECO "B19"]
[Time "21:05:39"]
[TimeControl "2700+45"]

1. e4 c6 2. d4 d5 3. Nc3 dxe4 4. Nxe4 Bf5 5. Ng3 Bg6 6. h4 h6 7. Nf3 Nd7 8. Bd3
Bxd3 9. Qxd3 Ngf6 10. Bf4 e6 11. O-O-O Nd5 12. Bd2 Qb6 13. Qb3 Qxb3 14. axb3 Bd6
15. Ne4 Bc7 16. c4 N5f6 17. Nxf6+ Nxf6 18. Rhe1 Ng4 19. Re2 O-O-O 20. Bb4 a5 21.
Ba3 Rd7 22. b4 Rhd8 23. bxa5 Bxa5 24. b4 Bb6 25. c5 Bc7 26. Rdd2 Bf4 27. Bb2
Bxd2+ 28. Nxd2 Nf6 29. Nc4 Nd5 30. Nd6+ Kb8 31. Ba3 Nc3 32. Re3 Nb5 33. Nxb5
cxb5 34. Bb2 Kc7 35. Rg3 g6 36. Rg4 e5 37. Kd2 exd4 38. Kd3 Ra8 39. Bxd4 Ra3+
40. Kc2 Rxd4 41. Rxd4 Ra2+ 42. Kd3 Rxf2 43. g4 Rf1 44. g5 hxg5 45. hxg5 Rf5 46.
Rg4 b6 47. cxb6+ Kxb6 48. Kd4 Kc6 49. Ke4 Kd6 50. Kd4 Ke6 51. Re4+ Kd6 52. Rg4
Re5 53. Rf4 Rf5 54. Rg4 {Game drawn by repetition} 1/2-1/2

[Event "Team 45 45 League T48"]
[Site "Internet Chess Club"]
[Date "2011.03.12"]
[Round "5"]
[White "otherook"]
[Black "chessrabbit"]
[Result "0-1"]
[WhiteElo "1727"]
[BlackElo "1631"]
[Opening "English opening"]
[ECO "A20"]
[Time "14:01:46"]
[TimeControl "2700+45"]

1. c4 e5 2. g3 d5 3. cxd5 Qxd5 4. Nf3 e4 5. Nc3 Qe6 6. Qa4+ Bd7 7. Qxe4 Bc6 8.
Qxe6+ fxe6 9. Bg2 Nf6 10. O-O h6 11. d3 Nbd7 12. Nd4 Bxg2 13. Kxg2 Nc5 14. b4
Ncd7 15. Rb1 e5 16. Ne6 Rc8 17. Nxf8 Rxf8 18. f4 a6 19. b5 a5 20. a4 h5 21. fxe5
Nxe5 22. Bg5 Neg4 23. h3 Ne5 24. Bxf6 Rxf6 25. Rxf6 gxf6 26. Rf1 Kf7 27. Ne4 Nd7
28. g4 hxg4 29. hxg4 Ke6 30. Kg3 c6 31. Rc1 c5 32. Nd2 b6 33. Rh1 Rg8 34. Kf4
Ne5 35. Rg1 Ng6+ 36. Ke4 Ne5 37. Nc4 Nxg4 38. Kf4 f5 39. e4 fxe4 40. Rxg4 Rxg4+
41. Kxg4 exd3 42. Kf3 Kd5 43. Nxb6+ Kd4 44. Nc4 Kxc4 45. Ke3 Kc3 46. b6 d2 47.
b7 d1=Q 48. b8=Q Qd4+ 49. Ke2 Qxa4 50. Qg3+ Kb4 51. Qf4+ Kb3 52. Qe3+ Kb2 53.
Qd2+ Qc2 {White resigns} 0-1

[Event "Team 45 45 League T48"]
[Site "Internet Chess Club"]
[Date "2011.03.16"]
[Round "5"]
[White "chess9793"]
[Black "Tobiasdelmonte"]
[Result "1-0"]
[WhiteElo "2144"]
[BlackElo "1755"]
[Opening "French: Tarrasch"]
[ECO "C03"]
[Time "22:03:42"]
[TimeControl "2700+45"]

1. e4 e6 2. d4 d5 3. Nd2 Be7 4. Bd3 c5 5. dxc5 Nf6 6. Qe2 Nc6 7. Ngf3 Nb4 8. Nb3
Nxd3+ 9. cxd3 a5 10. a4 b6 11. e5 Nd7 12. c6 Nc5 13. Nbd4 Ba6 14. Nb5 Rc8 15.
Nfd4 O-O 16. O-O Bg5 17. f4 Bh6 18. Be3 f6 19. f5 Bxe3+ 20. Qxe3 fxe5 21. Qxe5
exf5 22. Nxf5 Rxf5 23. Qxf5 h6 24. Qf7+ Kh8 25. c7 Qg5 26. Nd6 Rg8 27. Qf5 Qe3+
28. Kh1 Bxd3 29. Nf7# {Black checkmated} 1-0

[Event "Team 45 45 League T48"]
[Site "Internet Chess Club"]
[Date "2011.03.11"]
[Round "5"]
[White "gaibo4ever"]
[Black "leland"]
[Result "1/2-1/2"]
[WhiteElo "2071"]
[BlackElo "1852"]
[Opening "French: advance variation"]
[ECO "C02"]
[Time "19:00:31"]
[TimeControl "2700+45"]

1. e4 e6 2. d4 d5 3. e5 c5 4. c3 Qb6 5. Nf3 Nc6 6. Be2 Bd7 7. O-O Nh6 8. Bxh6
gxh6 9. Qd2 cxd4 10. cxd4 Ne7 11. Nc3 Ng6 12. Rab1 Bg7 13. a4 O-O 14. Bb5 Bc6
15. b4 a6 16. a5 Qc7 17. Bxc6 Qxc6 18. Rfc1 Qd7 19. Ra1 Rac8 20. Ne1 Rc4 21. Na4
Rxc1 22. Qxc1 Rc8 23. Qd2 Qb5 24. Nb6 Rc7 25. Nc2 Qc6 26. Ne1 Qc3 27. Qxc3 Rxc3
28. Na4 Rc4 29. Rb1 Rxd4 30. Nc5 Bf8 31. Nxb7 Rxb4 32. Rxb4 Bxb4 33. Nd3 Bc3 34.
f4 Ne7 35. Ndc5 Bd4+ 36. Kf1 Bxc5 37. Nxc5 Nc6 38. Nb7 Kf8 39. Ke2 Ke7 40. Kd3
f6 41. exf6+ Kxf6 42. Nc5 Nxa5 43. Nxa6 Nc4 44. Nc5 Nd6 45. g4 Nf7 46. Kd4 Nd6
47. Nd7+ Ke7 48. Nc5 Kf6 49. Nd7+ Ke7 50. Nc5 Nf7 51. Nd3 Kd6 52. Nb4 e5+ 53.
fxe5+ Nxe5 54. Nxd5 Nxg4 55. h3 Nf2 56. Nf4 Nh1 57. Ke4 Ng3+ 58. Kf3 Nf5 59. Kg4
Ke5 60. Nd3+ Kf6 61. Kf4 Ne7 62. Nf2 h5 63. Ne4+ Kg6 64. Kg3 Kf5 65. Nd6+ Ke5
66. Nf7+ Kf6 67. Nd6 {Game drawn by mutual agreement} 1/2-1/2

[Event "Team 45 45 League T48"]
[Site "Internet Chess Club"]
[Date "2011.03.12"]
[Round "5"]
[White "wilson97"]
[Black "Eyechess"]
[Result "1/2-1/2"]
[WhiteElo "1913"]
[BlackElo "1915"]
[Opening "French: exchange variation"]
[ECO "C01"]
[Time "20:00:30"]
[TimeControl "2700+45"]

1. e4 e6 2. d4 d5 3. exd5 exd5 4. Bd3 Nc6 5. c3 Bd6 6. h3 Nge7 7. Nf3 O-O 8. O-O
Bf5 9. Re1 Qd7 10. Be3 Bxd3 11. Qxd3 Qf5 12. Qxf5 Nxf5 13. Nbd2 Rfe8 14. Nb3
Nxe3 15. Rxe3 Rxe3 16. fxe3 Re8 17. Kf2 f6 18. Re1 Kf7 19. Nfd2 f5 20. Nf3 h6
21. Ke2 Bg3 22. Rd1 Bf4 23. Rd3 Bg3 24. Kf1 g5 25. Ng1 Bd6 26. Kf2 Kf6 27. Rd1
b5 28. a3 a5 29. Ra1 a4 30. Nd2 Na5 31. Ngf3 g4 32. Ne1 f4 33. Nc2 Nb3 34. Rd1
Nxd2 35. Rxd2 Kg5 36. hxg4 fxe3+ 37. Nxe3 Rxe3 38. Kxe3 Bf4+ 39. Ke2 Bxd2 40.
Kxd2 Kxg4 41. Ke2 Kf4 {Game drawn by mutual agreement} 1/2-1/2

[Event "Team 45 45 League T48"]
[Site "Internet Chess Club"]
[Date "2011.03.13"]
[Round "5"]
[White "aww-rats"]
[Black "mickeys"]
[Result "1-0"]
[WhiteElo "2069"]
[BlackElo "1973"]
[Opening "English opening"]
[ECO "A13"]
[Time "19:00:26"]
[TimeControl "2700+45"]

1. c4 e6 2. Nc3 d5 3. e3 Nf6 4. Nf3 Bd6 5. d4 Nbd7 6. Bd3 dxc4 7. Bxc4 Nb6 8.
Bd3 O-O 9. O-O c5 10. dxc5 Bxc5 11. e4 h6 12. e5 Nfd5 13. Ne4 Be7 14. Qe2 Nd7
15. Bd2 Qb6 16. a3 Nc5 17. Nxc5 Bxc5 18. Qe4 f5 19. exf6 Nxf6 20. Qg6 Bd7 21.
Bxh6 Rf7 22. Ng5 Re7 23. Nh7 Kh8 24. Nxf6 gxf6 25. Qxf6+ Kg8 26. Qg6+ Kh8 27.
Bg5 {Black resigns} 1-0

[Event "Team 45 45 League T48"]
[Site "Internet Chess Club"]
[Date "2011.03.13"]
[Round "5"]
[White "Pacini"]
[Black "chessateer"]
[Result "1-0"]
[WhiteElo "1925"]
[BlackElo "1867"]
[Opening "Pirc: classical, h3 system"]
[ECO "B08"]
[Time "11:12:51"]
[TimeControl "2700+45"]

1. e4 d6 2. d4 Nf6 3. Nc3 g6 4. Nf3 Bg7 5. h3 O-O 6. Be3 Nbd7 7. Be2 c5 8. O-O
a6 9. a4 cxd4 10. Nxd4 Nc5 11. Bf3 Qc7 12. Qd2 Re8 13. Bh6 Bh8 14. Nd5 Nxd5 15.
exd5 e5 16. dxe6 Nxe6 17. Rfe1 Bd7 18. Nxe6 Bxe6 19. c3 Rac8 20. Re3 b5 21. axb5
axb5 22. Rae1 Bd7 23. Bd5 Rxe3 24. Qxe3 Bc6 25. Qe4 Bxd5 26. Qe8+ {Black
resigns} 1-0

[Event "Team 45 45 League T48"]
[Site "Internet Chess Club"]
[Date "2011.03.14"]
[Round "5"]
[White "smitty120"]
[Black "subterfuge"]
[Result "0-1"]
[WhiteElo "1893"]
[BlackElo "1766"]
[Opening "Caro-Kann: advance variation"]
[ECO "B12"]
[Time "18:00:10"]
[TimeControl "2700+45"]

1. e4 c6 2. d4 d5 3. e5 Bf5 4. Nc3 e6 5. f4 Be7 6. Nf3 Nd7 7. Be3 Qc7 8. Be2 f6
9. O-O O-O-O 10. a3 Nh6 11. h3 Nf7 12. b4 g5 13. fxg5 fxe5 14. g4 e4 15. Ne5
Nfxe5 16. Bf4 Bg6 17. dxe5 Nxe5 18. Be3 h6 19. gxh6 d4 20. Bxd4 Rxh6 21. Bxe5
Qxe5 22. Qe1 Rxh3 {White resigns} 0-1

[Event "Team 45 45 League T48"]
[Site "Internet Chess Club"]
[Date "2011.03.15"]
[Round "5"]
[White "RD1974"]
[Black "parrot9"]
[Result "0-1"]
[WhiteElo "1665"]
[BlackElo "1617"]
[Opening "Sicilian: closed, Korchnoi variation"]
[ECO "B23"]
[Time "12:06:05"]
[TimeControl "2700+45"]

1. e4 c5 2. Nc3 e6 3. g3 d5 4. exd5 exd5 5. Bg2 Nf6 6. d4 Nc6 7. Nf3 c4 8. O-O
Be7 9. Re1 O-O 10. Ne5 Bd7 11. Nxd5 Nxd5 12. Bxd5 Nxe5 13. Rxe5 Bf6 14. Re1 Bh3
15. Bxc4 Bxd4 16. c3 Bb6 17. Qf3 Qc7 18. Bb3 Rfe8 19. Bf4 Rxe1+ 20. Rxe1 Qd7 21.
Qe4 Bf5 22. Qe7 Qxe7 23. Rxe7 Bg6 24. Kg2 Kf8 25. Rxb7 Be4+ 26. f3 Bxb7 27. Bd6+
Kg8 28. g4 Rd8 29. Bf4 Rd3 30. Bg3 Rxf3 31. Kh3 Bf2 32. Bd1 Be3 33. Bxf3 Bxf3
34. Be5 f6 35. Bd6 h5 36. gxh5 Bxh5 37. a4 Bd2 38. c4 a5 39. Bc7 Bd1 40. c5 Bxa4
41. Kg4 Kf7 42. Kf5 Bc6 43. Bb6 g6+ 44. Kg4 a4 45. Bc7 Bc1 46. h4 Bxb2 47. h5
gxh5+ 48. Kxh5 a3 49. Kh6 a2 50. Bd8 a1=Q 51. Bxf6 Bxf6 52. Kh5 Bf3+ 53. Kh6
Qh1# {White checkmated} 0-1

[Event "Team 45 45 League T48"]
[Site "Internet Chess Club"]
[Date "2011.03.10"]
[Round "5"]
[White "DieHappy"]
[Black "thestalemater"]
[Result "1-0"]
[WhiteElo "2553"]
[BlackElo "2316"]
[Opening "Catalan: open, 5.Nf3"]
[ECO "E04"]
[Time "18:16:16"]
[TimeControl "2700+45"]

1. d4 Nf6 2. c4 e6 3. g3 d5 4. Nf3 dxc4 5. Bg2 Nc6 6. Qa4 Bd6 7. Nbd2 O-O 8.
Nxc4 Be7 9. Be3 Bb4+ 10. Bd2 Bxd2+ 11. Ncxd2 a5 12. O-O e5 13. Nxe5 Nxd4 14.
Ndf3 Nxf3+ 15. Bxf3 c6 16. Rfd1 Qc7 17. Qf4 Be6 18. Ng6 Qxf4 19. Nxf4 Rad8 20.
e3 Bf5 21. Rac1 g6 22. Kg2 Rfe8 23. h3 h5 24. Ne2 Rxd1 25. Rxd1 g5 26. Nd4 Bg6
27. g4 h4 28. Ne2 Kf8 29. Nc3 Kg7 30. Rd4 Kf8 31. Kf1 Kg7 32. Ke2 Re5 33. b3 Re7
34. Bg2 Nd7 35. Be4 Nc5 36. Bxg6 Kxg6 37. Rd8 Kf6 38. Ra8 b6 39. Rb8 b5 40. Rc8
Re5 41. Rxc6+ Kg7 42. Rd6 b4 43. Rd5 Rxd5 44. Nxd5 f6 45. f3 Kf7 46. Nb6 Ke6 47.
Na4 Nd7 48. f4 f5 49. Kf3 Nf6 50. Nc5+ Kd5 51. fxg5 fxg4+ 52. hxg4 Ng8 53. Nb7
{Black resigns} 1-0

[Event "Team 45 45 League T48"]
[Site "Internet Chess Club"]
[Date "2011.03.15"]
[Round "5"]
[White "zeigmata"]
[Black "Zumbi"]
[Result "1/2-1/2"]
[WhiteElo "2326"]
[BlackElo "2145"]
[Opening "QGD semi-Slav"]
[ECO "D43"]
[Time "14:23:27"]
[TimeControl "2700+45"]

1. Nf3 d5 2. d4 Nf6 3. c4 e6 4. Nc3 c6 5. Bg5 h6 6. Bh4 g5 7. Bg3 dxc4 8. e4 b5
9. h4 g4 10. Ne5 h5 11. Be2 b4 12. Na4 Nxe4 13. Bxc4 Nxg3 14. fxg3 Nd7 15. Qe2
Bd6 16. O-O Bxe5 17. dxe5 Qa5 18. Qf2 Rf8 19. b3 Bb7 20. Rae1 O-O-O 21. Qe3 Nb6
22. Nc5 Nd5 23. Bxd5 Rxd5 24. Nxe6 Re8 25. Ng5 Rdxe5 26. Qf2 Qb6 27. Qxb6 axb6
28. Rxe5 Rxe5 29. Nxf7 Re2 30. Rf2 Re1+ 31. Kh2 Kc7 32. Nh8 Re6 33. Rf7+ Kb8 34.
Rf8+ Ka7 35. Rf2 c5 36. Nf7 b5 37. Nd8 Re7 38. Rf5 Ba8 39. Rxc5 Re2 40. Kg1
Rxg2+ 41. Kf1 Rxg3 42. Rxb5 Rd3 {Game drawn by mutual agreement} 1/2-1/2

[Event "Team 45 45 League T48"]
[Site "Internet Chess Club"]
[Date "2011.03.11"]
[Round "5"]
[White "grabuark"]
[Black "aww-rats"]
[Result "1/2-1/2"]
[WhiteElo "2058"]
[BlackElo "2056"]
[Opening "KP: Nimzovich defense"]
[ECO "B00"]
[Time "20:00:25"]
[TimeControl "2700+45"]

1. e4 Nc6 2. d4 d5 3. exd5 Qxd5 4. Nf3 e5 5. Nc3 Bb4 6. Bd2 Bxc3 7. Bxc3 e4 8.
Ne5 Nxe5 9. dxe5 Ne7 10. Qe2 Bf5 11. Rd1 Qc6 12. Qb5 Qxb5 13. Bxb5+ c6 14. Bc4
b5 15. Bb3 c5 16. Bd5 Nxd5 17. Rxd5 Rc8 18. Ke2 Ke7 19. Ba5 Rc6 20. Rhd1 Ra6 21.
Bc7 Rc8 22. Bd6+ Ke8 23. a3 Rac6 24. Ke3 a6 25. Kf4 Bg6 26. R5d2 {Game drawn by
mutual agreement} 1/2-1/2

[Event "Team 45 45 League T48"]
[Site "Internet Chess Club"]
[Date "2011.03.13"]
[Round "5"]
[White "playwaycool"]
[Black "Ptzz"]
[Result "0-1"]
[WhiteElo "2086"]
[BlackElo "2119"]
[Opening "QGD Slav: exchange variation"]
[ECO "D13"]
[Time "14:04:54"]
[TimeControl "2700+45"]

1. d4 d5 2. c4 c6 3. cxd5 cxd5 4. Nf3 Nf6 5. Nc3 Nc6 6. Bf4 a6 7. Rc1 Bf5 8. e3
Rc8 9. Bd3 Bxd3 10. Qxd3 e6 11. O-O Bd6 12. Bxd6 Qxd6 13. Na4 Nd7 14. a3 O-O 15.
b4 Rc7 16. Nc5 Rfc8 17. Rc2 a5 18. Qb5 axb4 19. axb4 Na7 20. Qd3 b6 21. Ng5 g6
22. e4 bxc5 23. bxc5 Qe7 24. f4 h6 25. exd5 exd5 26. Nf3 Nc6 27. Re2 Qf6 28. Ne5
Ndxe5 29. dxe5 Qf5 30. Qd2 Ne7 31. h3 h5 32. g4 hxg4 33. hxg4 Qxg4+ 34. Rg2 Qf5
35. Rg5 Qh3 36. f5 Rxc5 37. fxg6 Nxg6 38. Qf4 Qe6 39. Kh1 Rc4 40. Qh2 Kf8 41.
Qh6+ Ke8 42. Kg1 Rg4+ 43. Rxg4 Qxg4+ 44. Kh1 Rc2 {White resigns} 0-1

[Event "Team 45 45 League T48"]
[Site "Internet Chess Club"]
[Date "2011.03.19"]
[Round "5"]
[White "MaartenKoning"]
[Black "HomerSimpson"]
[Result "1/2-1/2"]
[WhiteElo "2221"]
[BlackElo "2198"]
[Opening "Queen's bishop game"]
[ECO "D02"]
[Time "11:13:40"]
[TimeControl "2700+45"]

1. d4 d5 2. Nf3 Nf6 3. Bf4 c5 4. e3 Qb6 5. Nc3 Bd7 6. Rb1 e6 7. Be2 Be7 8. Ne5
O-O 9. O-O Nc6 10. Na4 Qa5 11. Nxc5 Bxc5 12. dxc5 Qxc5 13. Bd3 Nb4 14. a3 Nxd3
15. cxd3 Rac8 16. Rc1 Qxc1 17. Qxc1 Rxc1 18. Rxc1 Rc8 19. Rxc8+ Bxc8 20. d4 Ne4
21. f3 Nd6 22. Kf2 f6 23. Nd3 Nc4 24. Bb8 a6 25. a4 Kf7 26. Bc7 Ke7 27. b3 Nd6
28. Nc5 Ne8 29. Bb6 Kd6 30. Nd3 Kc6 31. Bc5 b6 32. Nb4+ Kc7 33. Bf8 a5 34. Nd3
Ba6 35. Ke2 Kc6 36. Kd2 Bxd3 37. Kxd3 b5 38. axb5+ Kxb5 39. e4 g6 40. Be7 Kc6
41. Bd8 Kb5 42. g4 a4 43. bxa4+ Kxa4 44. Be7 Kb5 45. h3 Kc6 46. Ke3 Kd7 47. Bf8
Nc7 48. h4 Na6 49. Kf4 Nb8 50. g5 fxg5+ 51. Kxg5 Ke8 52. Bc5 Kf7 53. Kh6 Kg8 54.
Kg5 Kg7 55. Bd6 Nc6 56. Bc5 h6+ 57. Kf4 Kf6 58. Ke3 h5 59. Kf4 Nd8 60. Bd6 Nf7
61. Bc7 g5+ 62. hxg5+ Kg6 63. Kg3 Nxg5 64. Bd8 h4+ 65. Kg4 h3 66. Bc7 dxe4 67.
fxe4 Nxe4 68. Kxh3 Kf5 69. Be5 Ng5+ 70. Kg3 Ke4 71. Kf2 Nf3 72. Bg3 Nxd4 73. Bc7
Nb5 74. Bg3 Nc3 75. Bc7 Nd5 76. Bd6 Nf4 77. Ke1 Nd3+ 78. Ke2 Nb2 79. Bb8 Nc4 80.
Bc7 Kd5 81. Kd3 Na3 82. Bg3 Nb5 83. Bh2 Nd4 84. Bg3 Nf5 85. Bc7 Nd6 86. Bxd6
Kxd6 87. Kd4 e5+ 88. Ke4 Ke6 89. Ke3 Kd5 90. Kd3 e4+ 91. Ke3 Ke5 92. Ke2 Kd4 93.
Kd2 e3+ 94. Ke2 Ke4 95. Ke1 Kf4 96. Ke2 Ke4 97. Ke1 Kd3 98. Kd1 e2+ 99. Ke1 Ke3
{White stalemated} 1/2-1/2

[Event "Team 45 45 League T48"]
[Site "Internet Chess Club"]
[Date "2011.03.14"]
[Round "5"]
[White "chess9793"]
[Black "Campagnolo"]
[Result "1-0"]
[WhiteElo "2134"]
[BlackElo "2072"]
[Opening "Caro-Kann: Tartakower (fantasy) variation"]
[ECO "B12"]
[Time "21:08:28"]
[TimeControl "2700+45"]

1. e4 c6 2. d4 d5 3. f3 dxe4 4. fxe4 e5 5. Nf3 Be6 6. c3 Nf6 7. Bg5 Be7 8. Nbd2
Nbd7 9. Bd3 O-O 10. O-O Qc7 11. Kh1 Rad8 12. Qe2 Rfe8 13. c4 exd4 14. e5 Ng4 15.
Bxe7 Rxe7 16. Qe4 g6 17. Rae1 Bf5 18. Qe2 Bxd3 19. Qxd3 Ndxe5 20. Nxe5 Nxe5 21.
Qg3 Rde8 22. Ne4 Kg7 23. Nf6 Nf3 24. Nxe8+ {Black resigns} 1-0

[Event "Team 45 45 League T48"]
[Site "Internet Chess Club"]
[Date "2011.03.13"]
[Round "5"]
[White "ben622"]
[Black "Merciful"]
[Result "1/2-1/2"]
[WhiteElo "2017"]
[BlackElo "2089"]
[Opening "Caro-Kann: classical, Spassky variation"]
[ECO "B19"]
[Time "19:01:33"]
[TimeControl "2700+45"]

1. e4 c6 2. d4 d5 3. Nd2 dxe4 4. Nxe4 Bf5 5. Ng3 Bg6 6. h4 h6 7. Nf3 Nd7 8. h5
Bh7 9. Bd3 Bxd3 10. Qxd3 e6 11. Bd2 Ngf6 12. O-O-O Be7 13. Kb1 O-O 14. Ne4 Nxe4
15. Qxe4 Nf6 16. Qe2 Qd5 17. Ne5 Qe4 18. Qxe4 Nxe4 19. Be3 Rfd8 20. g4 c5 21.
dxc5 Nxc5 22. f3 Na4 23. c3 a6 24. Kc2 Rac8 25. Nd7 Rc6 26. Rd3 b6 27. Rhd1 Rdc8
28. Ne5 R6c7 29. Nd7 Rc6 30. Ne5 R6c7 {Game drawn by mutual agreement} 1/2-1/2